AoeStats
← kB_LTR

Four Lakes

503309863Analyzed
4v4 RM · 1mo ago on Aug 31, 2026· 88m 29s· 8 players
Game mode
Random Map
Map size
Large (8 player)
Population
200
Speed
Normal
Resources
Standard
Victory
Conquest
Starting age
Dark Age
Ending age
Imperial Age
RankedLock teamsTeams togetherTeam positionsShared explorationLock speedFull tech treeHidden civsTurbo modeCheats
Victory
Defeat
🇦🇹 Persians · Austria
1108
+13
🇵🇦 Mongols · Panama
1077
+14
🇲🇽 Cumans · Mexico
993
+18
🇲🇽 Romans · Mexico
951
+20
🇦🇷 Aztecs · Argentina
1065
-18
🇺🇸 Hindustanis · United States
1030
-16
🇷🇺 Ethiopians · Russia
1015
-15
🇺🇸 Gurjaras · United States
1014
-15
mikeespin
1:03 Loom
11:28 Feudal Age
12:02 Double-Bit Axe
12:22 Horse Collar
14:48 Bloodlines
22:41 Castle Age
21:42 Stone Mining
21:45 Gold Mining
22:39 Forging
23:29 Husbandry
23:37 Scale Barding Armor
24:08 Iron Casting
25:32 Wheelbarrow
24:42 Town Watch
27:25 Chain Barding Armor
26:29 Light Cavalry
28:53 Ballistics
31:59 Kshatriyas
36:29 Imperial Age
34:36 Hand Cart
34:58 Murder Holes
37:25 Bow Saw
36:58 Heavy Camel Rider
37:40 Fishing Lines
39:32 Conscription
40:18 Chemistry
40:03 Hoardings
40:20 Devotion
41:32 Scale Mail Armor
41:25 Fletching
42:48 Plate Barding Armor
42:29 Chain Mail Armor
42:28 Gillnets
45:56 Frontier Guards
50:05 Hussar
53:16 Elite Shrivamsha Rider
54:24 Redemption
55:31 Illumination
56:38 Sanctity
56:20 Atonement
61:22 Guard Tower
64:33 Siege Elephant
65:25 Heavy Plow
81:01 Elite Skirmisher
我不知道
6:45 Loom
9:22 Feudal Age
10:42 Double-Bit Axe
18:40 Fletching
22:20 Castle Age
21:54 Padded Archer Armor
21:40 Horse Collar
22:25 Crossbowman
23:21 Bodkin Arrow
28:29 Wheelbarrow
32:05 Imperial Age
33:56 Ballistics
53:04 Arbalester
54:17 Thumb Ring
55:30 Hand Cart
55:48 Gold Mining
58:27 Conscription
59:13 Chemistry
59:43 Bow Saw
61:40 Bracer
61:55 Leather Archer Armor
63:27 Forging
63:18 Scale Mail Armor
63:56 Ring Archer Armor
64:54 Iron Casting
65:09 Squires
64:32 Halberdier
65:44 Chain Mail Armor
67:13 Two-Man Saw
66:03 Town Watch
67:30 Blast Furnace
73:09 Coinage
72:38 Onager
76:23 Plate Mail Armor
MANMOOSE
3:50 Loom
4:34 Loom
9:43 Feudal Age
11:39 Double-Bit Axe
12:42 Wheelbarrow
14:44 Fishing Lines
15:14 Horse Collar
18:31 Town Watch
22:42 Castle Age
21:18 Gold Mining
21:21 Stone Mining
23:52 Squires
24:14 Bow Saw
25:35 Stone Shaft Mining
26:16 Gold Shaft Mining
25:25 Pikeman
26:29 Heavy Plow
26:35 Gillnets
28:29 Hand Cart
38:55 Imperial Age
36:35 Grand Trunk Road
38:07 Ballistics
37:58 Fortified Wall
37:59 Masonry
38:23 Fletching
38:34 Padded Archer Armor
40:42 Chemistry
43:09 Forging
42:59 Scale Mail Armor
43:30 Conscription
44:47 Shatagni
50:44 Iron Casting
50:10 Scale Mail Armor
50:38 Bodkin Arrow
54:07 Blast Furnace
53:23 Chain Mail Armor
57:01 Two-Man Saw
67:21 Siege Engineers
71:39 Bracer
71:54 Leather Archer Armor
71:46 Murder Holes
75:31 Ring Archer Armor
76:35 Scale Barding Armor
78:36 Caravan
Shintaro077719
9:16 Loom
11:02 Feudal Age
16:33 Castle Age
14:43 Double-Bit Axe
15:31 Horse Collar
17:49 Wheelbarrow
18:35 Eagle Warrior
23:17 Gold Mining
25:02 Pikeman
27:40 Squires
28:09 Heavy Plow
28:09 Stone Mining
34:06 Imperial Age
35:10 Forging
35:00 Scale Mail Armor
36:47 Elite Eagle Warrior
38:07 Iron Casting
37:48 Chain Mail Armor
38:07 Garland Wars
38:08 Conscription
45:15 Bow Saw
45:25 Hand Cart
57:49 Arson
68:59 Caravan
84:43 Onager
Acinco51203
10:21 Feudal Age
12:13 Double-Bit Axe
13:37 Wheelbarrow
13:54 Horse Collar
22:35 Castle Age
23:02 Scale Barding Armor
23:06 Gold Mining
23:33 Bloodlines
24:04 Capped Ram
26:17 Heavy Plow
29:02 Forging
31:57 Iron Casting
31:43 Chain Barding Armor
45:49 Light Cavalry
53:26 Elite Skirmisher
54:00 Fletching
54:11 Padded Archer Armor
55:27 Bodkin Arrow
73:20 Squires
74:32 Caravan
75:20 Pikeman
86:15 Imperial Age
88:38 Plate Barding Armor
kB_LTR
0:30 Loom
14:26 Feudal Age
14:51 Double-Bit Axe
14:54 Fishing Lines
18:32 Wheelbarrow
18:12 Gold Mining
18:13 Stone Mining
20:38 Castle Age
19:03 Horse Collar
21:24 Scale Mail Armor
23:17 Town Watch
24:02 Hand Cart
23:23 Pikeman
24:04 Squires
23:57 Man-at-Arms
26:44 Gold Shaft Mining
27:06 Bow Saw
27:34 Forging
30:49 Fervor
34:58 Imperial Age
32:59 Heavy Plow
34:39 Fletching
34:55 Scale Barding Armor
35:26 Iron Casting
35:26 Caravan
36:00 Gillnets
37:15 Conscription
37:00 Ballistas
38:21 Halberdier
38:22 Long Swordsman
38:25 Heavy Scorpion
40:53 Chemistry
41:59 Siege Engineers
42:15 Ballistics
41:52 Murder Holes
43:12 Town Patrol
43:59 Capped Ram
45:42 Siege Ram
45:45 Light Cavalry
46:36 Bloodlines
46:28 Husbandry
47:26 Fortified Wall
51:27 Chain Barding Armor
52:08 Blast Furnace
63:32 Plate Barding Armor
63:13 Chain Mail Armor
68:42 Elite Centurion
74:02 Bodkin Arrow
74:07 Padded Archer Armor
85:41 Comitatenses
88:11 Legionary
nachopty7
8:36 Loom
11:11 Feudal Age
17:34 Castle Age
27:18 Fletching
36:46 Imperial Age
35:34 Padded Archer Armor
37:06 Double-Bit Axe
37:07 Horse Collar
37:49 Ballistics
42:16 Chemistry
41:36 Leather Archer Armor
41:16 Bodkin Arrow
44:12 Gold Mining
44:13 Elite Mangudai
55:42 Elite Skirmisher
56:28 Thumb Ring
65:46 Drill
66:00 Capped Ram
66:52 Siege Ram
71:45 Bow Saw
Chill It's A Game
7:01 Loom
9:28 Feudal Age
10:52 Double-Bit Axe
10:50 Horse Collar
17:02 Town Watch
20:21 Castle Age
19:14 Scale Barding Armor
19:19 Forging
19:54 Wheelbarrow
21:05 Bloodlines
20:55 Husbandry
23:32 Gambesons
24:13 Forging
27:23 Gold Mining
27:23 Stone Mining
29:11 Chain Barding Armor
36:23 Iron Casting
39:20 Imperial Age
41:00 Cavalier
41:06 Light Cavalry
42:35 Plate Barding Armor
43:00 Blast Furnace
44:00 Chemistry
43:11 Masonry
43:24 Conscription
43:27 Caravan
43:58 Coinage
44:24 Savar
58:06 Fletching
58:56 Hoardings
59:27 Bodkin Arrow
Connection lost

Rejoining the realm…

Still unreachable

The connection could not be restored.

Session expired

The server has moved on; the page needs a fresh start.